 Dungeon Crawl Stone Soup version 0.30.1-11-g7821555f0a (webtiles) character file.

Game seed: 18398408452095550905

52 SacredBeard the Grave Robber (level 3, 0/26 HPs)
             Began as a Demonspawn Necromancer on Nov 3, 2023.
             Succumbed to an adder's poison
             ... on level 2 of the Dungeon.
             The game lasted 00:04:20 (1622 turns).

SacredBeard the Grave Robber (DsNe)                 Turns: 1622, Time: 00:04:21

Health: 0/26       AC:  2    Str:  8    XL:     3   Next: 60%
Magic:  5/6        EV: 12    Int: 16    God:
Gold:   72         SH:  0    Dex: 15    Spells: 5/6 levels left

rFire   . . .        (no weapon)
rCold   . . .        (no shield)
rNeg    . . .        a - +0 robe
rPois   .            (no helmet)
rElec   .            (no cloak)
rCorr   .            (no gloves)
SInv    .            (no boots)
Will    .....        (no amulet)
Stlth   ++           (no ring)
HPRegen 0.24/turn    (no ring)
MPRegen 0.10/turn

%: no passive effects
@: lethally poisoned (0 -> -6)
A: claws 1, foul stench 1
a: no special abilities


You were on level 2 of the Dungeon.
You visited 1 branch of the dungeon, and saw 2 of its levels.

You collected 72 gold pieces.

Inventory:

Armour
 a - a +0 robe (worn)
Scrolls
 c - a scroll of acquirement {unknown}
 e - 2 scrolls of magic mapping {unknown}
 g - 2 scrolls of identify {unknown}
 h - a scroll of noise {unknown}
Potions
 b - a potion of magic
 f - a potion of curing {unknown}


   Skills:
 + Level 1.1 Fighting
 + Level 0.6 Armour
 + Level 2.0 Dodging
 + Level 2.2 Stealth
 + Level 0.0 Unarmed Combat
 + Level 2.2 Spellcasting
 * Level 4.9 Necromancy


You had 5 spell levels left.
You knew the following spells:

 Your Spells              Type           Power      Damage    Failure   Level
a - Necrotise             Necr           68%        1d7       2%          1

Your spell library contained the following spells:

 Spells                   Type           Power      Damage    Failure   Level
 Vampiric Draining        Necr           17%        2d7       8%          3
 Animate Dead             Necr           17%        N/A       26%         4
 Agony                    Necr           17%        N/A       58%         5


Dungeon Overview and Level Annotations

Branches:
Dungeon (2/15) Zot: 10378

Altars:
Makhleb


Innate Abilities, Weirdness & Mutations

You have sharp fingernails.
You may rarely emit foul miasma when damaged in melee.


Message History

The jackal bites you.
You miss the jackal.
The jackal is moderately wounded.
The jackal closely misses you. x2
An adder comes into view.
The adder hisses angrily.
You scratch the jackal but do no damage.
The jackal is moderately wounded.
The jackal bites you.
You scratch the jackal.
You kill the jackal!
The adder bites you.
You barely miss the adder. The adder closely misses you. The adder bites you.
You are poisoned.
The adder poisons you!
You scratch the adder.
The adder is lightly wounded.
You feel sick. The adder bites you.
You closely miss the adder.
The adder is lightly wounded.
You feel sick. The adder bites you but does no damage.
You scratch the adder.
The adder is moderately wounded.
You feel sick. The adder bites you.
* * * LOW HITPOINT WARNING * * *
The adder bites you.
* * * LOW HITPOINT WARNING * * *
You are lethally poisoned!
The adder poisons you!
* * * LOW HITPOINT WARNING * * *
You feel sick.
You see here a giant cockroach corpse.
Unknown command.
Casting: Necrotise (safe; 2% risk of failure)
Confirm with . or Enter, or press ? or * to list all spells.
Aiming: Necrotise (safe; 2% risk of failure)
Press: ? - help, Shift-Dir - straight line, f - adder
Aim: an adder (moderately wounded, chance to affect: 81%)
The adder writhes in agony.
You die...

.... #.#.##### .(...
#.#.....#
.....##.#.....#
..........._..+
....h.........#
....###.#.....#.....
...<....#.###......
....###S#.#.......#
## #@#.#..)....#
#.#.#.......#
#.#.#.......#
#.#.#.....).#
#.#.#.......#
#.#.........+ .
#.###.......#.#
#...............
#####.......##.##


You could see an adder.

Vanquished Creatures
  3 dart slugs (D:1)
  2 endoplasms (D:1)
  3 giant cockroaches (D:2)
  3 goblins
  8 hobgoblins
  6 jackals
  A quokka (D:1)
  6 bats
  4 frilled lizards
  4 rats (D:1)
40 creatures vanquished.

Vanquished Creatures (collateral kills)
  A hobgoblin (D:1)
1 creature vanquished.

Grand Total: 41 creatures vanquished

Notes
Turn   | Place    | Note
-------+----------+-------------------------------------------
     0 | D:1      | SacredBeard the Demonspawn Necromancer began the quest for
                  | the Orb.
     0 | D:1      | Reached XP level 1. HP: 13/13 MP: 3/3
   242 | D:1      | Gained mutation: You have sharp fingernails. [demonic
                  | ancestry]
   242 | D:1      | Reached XP level 2. HP: 13/20 MP: 1/5
  1073 | D:1      | Gained mutation: You may rarely emit foul miasma when
                  | damaged in melee. [demonic ancestry]
  1073 | D:1      | Reached XP level 3. HP: 22/25 MP: 4/6
  1492 | D:2      | Reached skill level 1 in Fighting
  1551 | D:2      | Found a burning altar of Makhleb.
  1622 | D:2      | Succumbed to an adder's poison

Illustrated notes

Levels and vault maps discovered:
D:1:      matt_arrival_refuge, layout_basic, serial_corexii_hall,
          corexii_hall_statues_i, corexii_hall_statues_x
D:2:      layout_basic, basic_altar

Skill      XL: |  1  2  3 |
---------------+----------+-----
Stealth        | 2 |  2.2
Dodging        | 2 |  2.0
Fighting       | 1 |  1.1
Armour         | |  0.6
Spellcasting   | |  2.2
Necromancy     | |  4.9

Action                     || total
---------------------------++-------
  Melee: Unarmed           ||   193
         Punch             ||     3
   Cast: Necrotise         ||    27
   Stab: Sleeping          ||     7
 Armour: Robe              ||    47
  Dodge: Dodged            ||   118
